AoeStats
← CazadorGT

Black Forest

508742783Analyzed
2v2 RM · 9d ago on Sep 23, 2026· 42m 43s· 4 players
Game mode
Random Map
Map size
Medium (4 player)
Population
200
Speed
Normal
Resources
Standard
Victory
Conquest
Starting age
Dark Age
Ending age
Imperial Age
RankedLock teamsTeams togetherTeam positionsShared explorationLock speedFull tech treeHidden civsTurbo modeCheats
Victory
Defeat
🇲🇽 Cumans · Mexico
1246
+15
🇬🇹 Armenians · Guatemala
1165
+18
🇲🇽 Hindustanis · Mexico
1223
-17
🇺🇸 Berbers · United States
1207
-16
Dracarys2306
0:45 Loom
12:45 Feudal Age
17:59 Castle Age
17:09 Scale Mail Armor
17:00 Double-Bit Axe
16:57 Horse Collar
19:50 Scale Mail Armor
21:01 Squires
30:53 Gold Mining
31:47 Scale Barding Armor
32:50 Chain Barding Armor
32:43 Bloodlines
35:55 Wheelbarrow
36:37 Forging
41:30 Imperial Age
39:03 Town Watch
40:19 Iron Casting
41:02 Gold Shaft Mining
41:36 Heavy Camel Rider
42:52 Plate Barding Armor
RutherfordTheBrave
1:26 Loom
13:13 Feudal Age
17:35 Castle Age
15:28 Horse Collar
17:55 Double-Bit Axe
20:51 Wheelbarrow
20:32 Bow Saw
23:52 Heavy Plow
25:59 Hand Cart
25:30 Town Watch
26:53 Gold Mining
26:55 Stone Mining
28:19 Scale Barding Armor
28:24 Forging
28:27 Bloodlines
28:17 Husbandry
31:01 Gold Shaft Mining
El senor AOE
1:54 Loom
9:54 Feudal Age
11:12 Wheelbarrow
10:24 Double-Bit Axe
13:10 Horse Collar
14:06 Gold Mining
20:47 Castle Age
19:56 Bloodlines
19:59 Forging
21:10 Scale Barding Armor
21:51 Bow Saw
21:35 Capped Ram
30:20 Iron Casting
32:18 Gold Shaft Mining
32:05 Hand Cart
35:35 Imperial Age
33:40 Chain Barding Armor
33:31 Stone Mining
35:39 Elite Steppe Lancer
37:21 Blast Furnace
36:56 Plate Barding Armor
40:12 Steppe Husbandry
CazadorGT
10:15 Feudal Age
10:55 Loom
11:01 Man-at-Arms
11:55 Double-Bit Axe
12:07 Arson
12:46 Forging
16:14 Fletching
16:12 Long Swordsman
16:53 Scale Mail Armor
19:16 Horse Collar
25:04 Castle Age
23:20 Gold Mining
23:48 Stone Mining
25:46 Bodkin Arrow
26:30 Bow Saw
27:49 Squires
29:01 Iron Casting
29:18 Town Watch
38:34 Chain Mail Armor
44:39 Imperial Age
Connection lost

Rejoining the realm…

Still unreachable

The connection could not be restored.

Session expired

The server has moved on; the page needs a fresh start.